 Dungeon Crawl Stone Soup version 0.25.1-2-g60ff931df9 (webtiles) character file.

Game seed: 13137162274508429726

70 sahdkjhfkaj the Shooter (level 4, 0/37 HPs)
             Began as a Centaur Hunter on Oct 26, 2020.
             Succumbed to a gnoll's poison
             ... on level 2 of the Dungeon.
             The game lasted 00:02:23 (1560 turns).

sahdkjhfkaj the Shooter (Centaur Hunter)            Turns: 1560, Time: 00:02:24

Health: 0/37       AC:  4    Str: 16    XL:     4   Next: 4%
Magic:  4/4        EV:  9    Int: 10    God:
Gold:   74         SH:  0    Dex:  9    Spells: 3/3 levels left

rFire    . . .     SeeInvis .   a - +1 shortbow
rCold    . . .     Gourm    .   (shield currently unavailable)
rNeg     + . .     Faith    .   c - +0 leather armour
rPois    .         Spirit   .   (no helmet)
rElec    .         Reflect  .   (no cloak)
rCorr    .         Harm     .   (no gloves)
MR       .....                  (no barding)
Stlth    +.........             (no amulet)
HPRegen  0.12/turn              l - ring of positive energy
MPRegen  0.09/turn              (no ring)

@: lethally poisoned (0 -> -9), very quick
A: large, hooves 3, deformed body, speed 2, tough skin 3
a: no special abilities


You were on level 2 of the Dungeon.
You were not hungry.

You visited 1 branch of the dungeon, and saw 2 of its levels.

You collected 74 gold pieces.

Inventory:

Hand Weapons
 a - a +1 shortbow (weapon)
 b - a +0 short sword
Missiles
 d - 29 arrows (quivered)
Armour
 c - a +0 leather armour (worn)
Jewellery
 h - an uncursed ring of ice
 l - a ring of positive energy (left hand)
Scrolls
 e - a scroll of immolation {!r}
 i - a scroll of teleportation {!r}
 j - a scroll of fog {!r}
 k - 3 scrolls of remove curse {!r}
Comestibles
 f - 3 rations
 g - 4 chunks of flesh


   Skills:
 + Level 2.9 Fighting
 * Level 6.8 Bows
 - Level 1.3 Dodging
 - Level 0.4 Stealth


You had 3 spell levels left.
You didn't know any spells.
Your spell library was empty.

Dungeon Overview and Level Annotations

Branches:
Dungeon (2/15)

Altars:


Innate Abilities, Weirdness & Mutations

You have hooves in place of feet.
Armour fits poorly on your strangely shaped body.
You cover ground very quickly.
You have extremely tough skin. (AC +3)


Message History

You aren't carrying any potions.
Unknown command.
Unknown command.
* * * LOW HITPOINT WARNING * * *
You feel sick.
* * * LOW HITPOINT WARNING * * *
You feel sick.
* * * LOW HITPOINT WARNING * * *
You feel sick.
* * * LOW HITPOINT WARNING * * *
You feel sick.
* * * LOW HITPOINT WARNING * * *
You feel sick.
* * * LOW HITPOINT WARNING * * *
You feel sick.
* * * LOW HITPOINT WARNING * * *
You feel sick.
* * * LOW HITPOINT WARNING * * *
You feel sick.
You die...

#########
#.((..รท.#
##.####(#####)#
#.......#####.#
..$........##@#
#.(()##.##.##.#
##.#. #.##.##.#
.. . #.......#
# . ....##.####
#' # ####.#
#.######
#......#
###.##.#


There were no monsters in sight!

Vanquished Creatures
  2 adders (D:2)
  2 gnolls (D:2)
  A worm (D:2)
  A dart slug (D:1)
  4 bats (D:1)
  3 giant cockroaches (D:1)
  A goblin (D:1)
  4 hobgoblins (D:1)
  3 kobolds (D:1)
  2 quokkas (D:2)
  3 frilled lizards
  3 rats
  A bush (D:1)
30 creatures vanquished.

Notes
Turn   | Place    | Note
-------+----------+-------------------------------------------
     0 | D:1      | sahdkjhfkaj the Centaur Hunter began the quest for the Orb.
     0 | D:1      | Reached XP level 1. HP: 17/17 MP: 1/1
   325 | D:1      | Reached XP level 2. HP: 23/24 MP: 2/2
   454 | D:1      | Reached skill level 6 in Bows
  1108 | D:2      | Reached XP level 3. HP: 30/30 MP: 3/3
  1543 | D:2      | Reached XP level 4. HP: 22/37 MP: 4/4
  1558 | D:2      | HP: 1/37 [poisoned by a gnoll]
  1560 | D:2      | Succumbed to a gnoll's poison

Illustrated notes

Levels and vault maps discovered:
D:1:      dpeg_arrival_tiny_a, layout_basic, serial_forest,
          infiniplex_forest_straight_2, infiniplex_forest_clump_small,
          infiniplex_forest_clump_tiny, infiniplex_forest_diagonal,
          infiniplex_forest_end_2, infiniplex_forest_straight_4,
          infiniplex_forest_clump_diagonal, infiniplex_forest_end_2
D:2:      layout_loops_corners, overflow_temple_1_default,
          chequers_serial_rivers_micro_a

Skill      XL: |  1  2 |
---------------+-------+-----
Bows           | 6 |  6.8
Fighting       | |  2.9
Dodging        | |  1.3
Stealth        | |  0.4

Action                   |  1- 3 |  4- 6 || total
-------------------------+-------+-------++-------
Melee: Short sword       |   228 |       ||   228
       Kick              |    72 |       ||    72
 Fire: Shortbow          |    12 |       ||    12
  Use: Scroll            |     4 |       ||     4
       Potion            |     1 |       ||     1
  Eat: Chunk             |     2 |       ||     2
Armor: Leather armour    |    39 |       ||    39
Dodge: Dodged            |    69 |       ||    69
